 Dungeon Crawl Stone Soup version 0.25.1-8-g42b30a86e7 (webtiles) character file.

Game seed: 84488944984716874

2108 Doot the Conjurer (level 9, 0/66 (67) HPs)
             Began as a Red Draconian Conjurer on Dec 8, 2020.
             Was a Follower of Vehumet.
             Slain by Harold
             ... wielding a +2 war axe of flaming
              (1 damage)
             ... on level 7 of the Dungeon.
             The game lasted 00:12:45 (7895 turns).

Doot the Conjurer (Red Draconian Conjurer)          Turns: 7895, Time: 00:12:46

HP:   0/66 (67)     AC:  7    Str: 11    XL:     9   Next: 7%
MP:   8/18          EV:  7    Int: 19    God:    Vehumet [*.....]
Gold: 316           SH:  0    Dex: 11    Spells: 9/20 levels left

rFire    + . .     SeeInvis .   u - +3 dagger
rCold    . . .     Gourm    .   (no shield)
rNeg     . . .     Faith    .   (armour unavailable)
rPois    .         Spirit   .   (helmet restricted)
rElec    .         Reflect  .   x - scarf {harm}
rCorr    .         Harm     +   (no gloves)
MR       .....                  (no boots)
Stlth    +++.......             k - amulet of regeneration
HPRegen  0.61/turn              (no ring)
MPRegen  0.16/turn              (no ring)

@: short of breath, held
A: breathe fire, unfitting armour, fire resistance 1, cold-blooded, AC +7
a: Breathe Fire, Renounce Religion


You were on level 7 of the Dungeon.
You worshipped Vehumet.
Vehumet was aware of your devotion.
You were not hungry.

You visited 2 branches of the dungeon, and saw 8 of its levels.

You collected 316 gold pieces.

Inventory:

Hand Weapons
 d - a +0 dagger
 p - a +1 spear of freezing
 u - a +3 dagger (weapon)
Armour
 v - a +0 cloak
 x - a scarf of harm (worn)
Jewellery
 e - an uncursed ring of ice
 k - an amulet of regeneration (around neck)
 B - a cursed +6 ring of strength {unknown}
Wands
 z - a wand of disintegration (16)
 A - a wand of acid (10)
 C - a wand of clouds (8)
 D - a wand of enslavement (8)
Scrolls
 a - 9 scrolls of identify {unknown}
 c - 6 scrolls of remove curse {unknown}
 g - a scroll of fog {unknown}
 j - 3 scrolls of magic mapping {unknown}
 n - 2 scrolls of enchant weapon {unknown}
 o - 2 scrolls of teleportation {unknown}
 q - a scroll of enchant armour {unknown}
 s - a scroll of random uselessness {unknown}
 t - 2 scrolls of fear {unknown}
 w - a scroll of blinking {unknown}
 y - a scroll of silence {unknown}
Potions
 f - a potion of curing
 h - a potion of flight {unknown}
 i - a potion of cancellation
 l - a potion of haste {unknown}
 m - a potion of stabbing {unknown}
 r - 2 potions of invisibility {unknown}
Comestibles
 b - 11 rations


   Skills:
 + Level 2.2 Fighting
 + Level 1.9 Short Blades
 + Level 1.1 Polearms
 + Level 4.1 Dodging
 + Level 4.9 Stealth
 + Level 6.0 Spellcasting
 + Level 6.9 Conjurations
 * Level 3.8 Fire Magic
 + Level 2.4 Air Magic


You had 9 spell levels left.
You knew the following spells:

 Your Spells              Type           Power        Failure   Level  Hunger
a - Magic Dart            Conj           ####         1%          1    None
b - Searing Ray           Conj           ####..       1%          2    None
c - Iskenderun's Mystic   Conj/Tloc      ###.....     26%         4    ####...
d - Static Discharge      Conj/Air       ###.....     4%          3    ##.....
e - Foxfire               Conj/Fire      ####         1%          1    None

Your spell library contained the following spells:

 Spells                   Type           Power        Failure   Level  Hunger
 Shock                    Conj/Air       ###.         1%          1    None
 Dazzling Flash           Conj/Hex       ###...       9%          3    ##.....
 Stone Arrow              Conj/Erth      ###...       9%          3    ##.....
 Sandblast                Erth           #.....       11%         1    None
 Swiftness                Chrm/Air       ##......     11%         2    None
 Passwall                 Tmut/Erth      #.......     17%         2    None
 Fulminant Prism          Conj/Hex       ###.......   26%         4    ####...
 Airstrike                Air            ##........   38%         4    ####...
 Lightning Bolt           Conj/Air       ###.......   41%         5    #####..
 Petrify                  Tmut/Erth      #.......     73%         4    ####...
 Lee's Rapid Deconstruct  Erth           #.........   97%         5    #####..


Dungeon Overview and Level Annotations

Branches:
Dungeon (7/15)             Temple (1/1) D:4

Altars:
Ashenzari
Cheibriados
Dithmenos
Elyvilon
Gozag
Hepliaklqana
Kikubaaqudgha
Makhleb
Nemelex Xobeh
Okawaru
Qazlal
Ru
Trog
Uskayaw
Vehumet
Wu Jian
Xom
Yredelemnul
Zin
The Shining One

Annotations:
D:2 Robin, Terence
D:5 2 transporters
D:7 Harold


Innate Abilities, Weirdness & Mutations

You can breathe blasts of fire.
Your fiery red scales are hard. (AC +7)
You cannot fit into any form of body armour.
Your flesh is heat resistant. (rF+)
You are cold-blooded and may be slowed by cold attacks.


Message History

Casting: Static Discharge (dangerous; 4% risk of failure)
Confirm with . or Enter, or press ? or * to list all spells.
You miscast Static Discharge.
You are very lightly contaminated with residual magic.
Nothing appears to happen.
Harold is engulfed in blazing flames.
Harold hits you with a +2 war axe of flaming!
* * * LOW HITPOINT WARNING * * *
Harold burns you.
* * * LOW HITPOINT WARNING * * *
Unknown command.
It was a potion of cancellation.
Your magical effects are unravelling.
You feel magically purged.
Your magical contamination has completely faded away.
The sentinel's mark upon you fades away.
Harold is engulfed in blazing flames.
Harold hits you with a +2 war axe of flaming!
* * * LOW HITPOINT WARNING * * *
Harold burns you.
You die...

##............###
##.......@###..#
##..........###.##
##.............#..#
###..............##.##
###....##..........##..#######
##.....####..#####..###.##....#
##.....## ##.#.@.#..# #.#....#
##.....## #.'@8.'..# #......#
#.....###### #.#...#..# ##....##
.....###...###.#####..# #.p.##
...#.........#.......## ##.##
####...........####### #.[#
#..#..........## #..#
#.##...........## ##.##
##.#.............##########..###
#)##................#...........


You could see Harold.

Vanquished Creatures
  An unseen horror (D:7)
  A sky beast (D:7)
  A slave (D:7)
  A necrophage (D:6)
  4 ogres
  2 bullfrogs (D:6)
  A scorpion (D:5)
  3 vampire bats (D:5)
  A crimson imp (D:5)
  2 howler monkeys
  5 hounds
  A bullfrog zombie (D:5)
  2 jellies
  2 orc priests
  A centaur skeleton (D:5)
  2 orc wizards
  4 worker ants
  A howler monkey zombie (D:7)
  A worker ant zombie (D:7)
  4 adders
  3 gnolls (D:6)
  A shadow imp (D:6)
  An ooze (D:3)
  An adder zombie (D:5)
  An adder skeleton (D:5)
  A worm (D:3)
  4 dart slugs
  A leopard gecko (D:3)
  11 orcs
  4 bats
  2 bat skeletons (D:5)
  2 bat zombies (D:5)
  3 giant cockroaches
  9 goblins
  10 hobgoblins
  8 jackals
  7 frilled lizards
  A jackal skeleton (D:4)
  7 kobolds (D:1)
  A leopard gecko skeleton (D:4)
  A leopard gecko zombie (D:5)
  8 rats
127 creatures vanquished.

Vanquished Creatures (others)
  8 foxfires
  6 plants (D:5)
14 creatures vanquished.

Grand Total: 141 creatures vanquished

Notes
Turn   | Place    | Note
-------+----------+-------------------------------------------
     0 | D:1      | Doot the Draconian Conjurer began the quest for the Orb.
     0 | D:1      | Reached XP level 1. HP: 14/14 MP: 3/3
    66 | D:2      | Noticed a worker ant
    75 | D:2      | Noticed Robin
   546 | D:1      | Reached XP level 2. HP: 16/20 MP: 0/5
   564 | D:1      | Learned a level 2 spell: Searing Ray
  1394 | D:1      | Reached XP level 3. HP: 25/26 MP: 0/6
  1784 | D:2      | Noticed Terence
  2496 | D:3      | Found a white marble altar of Elyvilon.
  2678 | D:3      | Reached XP level 4. HP: 33/33 MP: 4/8
  2684 | D:3      | Learned a level 4 spell: Iskenderun's Mystic Blast
  3478 | D:4      | Found a hazy altar of Hepliaklqana.
  3478 | D:4      | Found a burning altar of Makhleb.
  3609 | D:4      | Reached XP level 5. HP: 39/39 MP: 3/10
  3740 | D:5      | Entered Level 5 of the Dungeon
  3813 | D:4      | Reached skill level 5 in Conjurations
  4025 | D:4      | Reached skill level 1 in Fighting
  4025 | D:4      | Reached skill level 1 in Polearms
  4027 | D:4      | Reached XP level 6. HP: 41/47 MP: 5/11
  4087 | D:4      | Found a staircase to the Ecumenical Temple.
  4433 | Temple   | Entered the Ecumenical Temple
  4488 | Temple   | Became a worshipper of Vehumet
  5520 | D:5      | Identified the cursed +1 scale mail of Peos {Str+6 Int-5}
  5532 | D:5      | Found a transporter.
  5537 | D:5      | Learned a level 3 spell: Static Discharge
  5603 | D:5      | Reached skill level 1 in Air Magic
  5721 | D:5      | Your scales start taking on a fiery red colour.
  5721 | D:5      | Reached XP level 7. HP: 52/52 MP: 9/13
  5721 | D:5      | Gained mutation: Your flesh is heat resistant. (rF+) [Red
                  | Draconian growth]
  5827 | D:5      | Found a transporter.
  5828 | D:5      | Identified the cursed +0 buckler of Mumblety Peg {rCorr
                  | Str+4}
  6114 | D:5      | Found an ancient bone altar of Kikubaaqudgha.
  6527 | D:6      | Reached * piety under Vehumet
  6527 | D:6      | Offered knowledge of Foxfire by Vehumet.
  6531 | D:6      | Learned a level 1 spell: Foxfire
  6580 | D:6      | Found a sacrificial altar of Ru.
  6608 | D:6      | Reached XP level 8. HP: 55/59 MP: 6/15
  6623 | D:6      | Reached skill level 5 in Spellcasting
  6623 | D:6      | Reached skill level 1 in Fire Magic
  7324 | D:6      | Reached skill level 1 in Short Blades
  7444 | D:7      | Noticed Harold
  7758 | D:7      | Killed an unseen horror
  7758 | D:7      | Reached XP level 9. HP: 22/66 MP: 10/18
  7895 | D:7      | HP: 1/66 [Harold/+2 war axe of flaming (12)]
  7895 | D:7      | Slain by Harold

Illustrated notes

Levels and vault maps discovered:
D:1:      heliophobic_arrival_glass_houses, layout_basic, st_stairs_13,
          minmay_indecisive_spiral
D:2:      layout_rooms, marbit_many_paths, uniq_robin, uniq_terence
D:3:      layout_loops_corners, elyvilon_altar_4
D:4:      layout_layer_cave, gammafunk_temple_overflow_elements,
          minmay_temple_entry_poolview
D:5:      layout_cave_pools, kennysheep_vampire_church,
          gammafunk_ghost_gnarly_gnolls, first_ration, grunt_tough_drop
D:6:      layout_loops_ring, lemuel_round_altar, minmay_diced_spiral
D:7:      layout_cave_pods, ebering_ghost_inner_flame, nrook_mini_backslash,
          st_stairs_14, minmay_misc_feat_room, uniq_harold, uniq_duvessa,
          uniq_pikel, uniq_joseph
Temple:   regret_index_temple_waves

Skill      XL: |  1  2  3  4  5  6  7  8 |
---------------+-------------------------+-----
Dodging        | 2 3 4 |  4.1
Stealth        | 2 3 4 |  4.9
Spellcasting   | 3 4 6 |  6.0
Conjurations   | 5 6 |  6.9
Fighting       | 1 2 |  2.2
Polearms       | 1 |  1.1
Air Magic      | 2 |  2.4
Fire Magic     | 3 |  3.8
Short Blades   | 1 |  1.9

Action                   |  1- 3 |  4- 6 |  7- 9 || total
-------------------------+-------+-------+-------++-------
Melee: Unarmed           |     1 |       |       ||     1
       Dagger            |    35 |    13 |     8 ||    56
       Tailslap          |     4 |     3 |       ||     7
       Spear             |    19 |    13 |       ||    32
 Cast: Magic Dart        |    74 |    11 |    25 ||   110
       Searing Ray       |     7 |    28 |    17 ||    52
       Static Discharge  |       |       |     6 ||     6
       Foxfire           |       |       |     5 ||     5
 Abil: Breathe Fire      |       |       |     9 ||     9
  Use: Potion            |       |       |     1 ||     1
 Stab: Sleeping          |     1 |     2 |     2 ||     5
  Eat: Chunk             |     3 |     7 |     9 ||    19
       Ration            |     1 |     1 |       ||     2
Armor: Skin              |    49 |    15 |    19 ||    83
Dodge: Dodged            |    86 |    36 |    30 ||   152
